 Dungeon Crawl Stone Soup version 0.22.1-6-g1668fe2c40 (webtiles) character file.

74 Peloso the Skirmisher (level 4, -1/41 HPs)
             Began as a Minotaur Fighter on Jan 23, 2019.
             Slain by a sky beast (6 damage)
             ... on level 2 of the Dungeon.
             The game lasted 00:02:34 (1240 turns).

Peloso the Skirmisher (Minotaur Fighter)            Turns: 1240, Time: 00:02:34

Health: -1/41      AC:  7    Str: 20    XL:     4   Next: 9%
Magic:  3/3        EV:  7    Int:  5    God:
Gold:   135        SH:  9    Dex: 11    Spells: 3/3 levels left

rFire    . . .     SeeInvis .   a - +0 long sword
rCold    . . .     Gourm    .   c - +0 shield
rNeg     . . .     Faith    .   b - +0 scale mail
rPois    .         Spirit   .   (helmet restricted)
rElec    .         Reflect  .   (no cloak)
rCorr    .         Harm     .   (no gloves)
MR       .....                  (no boots)
Stlth    ..........             (no amulet)
HPRegen  0.13/turn              (no ring)
MPRegen  0.08/turn              (no ring)

@: no status effects
A: retaliatory headbutt, horns 2
a: no special abilities


You were on level 2 of the Dungeon.
You were very hungry.

You visited 1 branch of the dungeon, and saw 2 of its levels.

You collected 135 gold pieces.

Inventory:

Hand Weapons
 a - a +0 long sword (weapon)
 q - a cursed +0 hand axe
Armour
 b - a +0 scale mail (worn)
 c - a +0 shield (worn)
Jewellery
 j - an uncursed amulet of guardian spirit {unknown}
Scrolls
 g - a scroll of blinking {unknown}
 h - a scroll of teleportation {unknown}
 i - a scroll of remove curse {unknown}
 m - 3 scrolls of identify {unknown}
 p - a scroll of enchant armour {unknown}
Potions
 d - 2 potions of might
 e - 2 potions of haste {unknown}
 k - 2 potions of brilliance {unknown}
 l - a potion of curing {unknown}
 n - a potion of heal wounds {unknown}
 o - a potion of ambrosia {unknown}
Comestibles
 f - 5 rations


   Skills:
 + Level 4.3 Fighting
 + Level 3.8 Long Blades
 + Level 4.0 Armour
 + Level 4.2 Shields


You had 3 spell levels left.
You didn't know any spells.
Your spell library was empty.

Dungeon Overview and Level Annotations

Branches:
Dungeon (2/15)

Altars:


Innate Abilities, Weirdness & Mutations

You reflexively headbutt those who attack you in melee.
You have a pair of horns on your head.


Message History

A sky beast appears from thin air!
Reactivating autopickup.
The sky beast flickers out of sight!
Deactivating autopickup; reactivate with Ctrl-A.
Something hits you.
* * * LOW HITPOINT WARNING * * *
Something shocks you.
* * * LOW HITPOINT WARNING * * *
A sky beast appears from thin air!
Reactivating autopickup.
The sky beast flickers out of sight!
Deactivating autopickup; reactivate with Ctrl-A.
You enter the shallow water.
Moving in this stuff is going to be slow.
A sky beast appears from thin air!
Reactivating autopickup.
The sky beast hits you.
* * * LOW HITPOINT WARNING * * *
The sky beast shocks you.
You die...

#.......# #....# #.......#
#....##### #.......# #....+....
#####.......# #....#####
#...'.......#####)......#.
#.###..÷....##......###.#.
#...g##.######......#...#.
#...S##.#<..............#.
#....##..@Y....<.....#..#.
#....######S............#.
#......g.S.........#.#..#.
#########..)######.#......)......
.....†......<..g..............>..
##'###########.....###.#....#.###
#.......# #.##### #.#.####.#
#.......# #.# #.#.## #.#
#.......# #.# #....# #.#


You could see a sky beast and an adder.

Vanquished Creatures
  A gnoll (D:1)
  An adder (D:2)
  A worm (D:2)
  A leopard gecko (D:2)
  6 giant cockroaches
  6 goblins
  7 hobgoblins
  4 jackals (D:1)
  7 kobolds
  3 bats
  2 frilled lizards (D:2)
  6 rats
45 creatures vanquished.

Notes
Turn   | Place    | Note
-------+----------+-------------------------------------------
     0 | D:1      | Peloso the Minotaur Fighter began the quest for the Orb.
     0 | D:1      | Reached XP level 1. HP: 19/19 MP: 0/0
    96 | D:1      | Reached XP level 2. HP: 17/27 MP: 1/1
   431 | D:1      | Reached XP level 3. HP: 33/33 MP: 2/2
  1103 | D:2      | Reached XP level 4. HP: 41/41 MP: 3/3
  1142 | D:2      | Noticed a sky beast
  1240 | D:2      | Slain by a sky beast

Skill      XL: |  1  2  3 |
---------------+----------+-----
Fighting       | 4 |  4.3
Shields        | 4 |  4.2
Long Blades    | 3 |  3.8
Armour         | 4 |  4.0

Action                   |  1- 3 |  4- 6 || total
-------------------------+-------+-------++-------
Melee: Long sword        |    90 |    10 ||   100
       Headbutt          |    11 |     1 ||    12
Armor: Scale mail        |    41 |       ||    41
Dodge: Dodged            |    25 |       ||    25
Block: Shield            |    49 |     8 ||    57
       Rpst.: Long sword |     6 |       ||     6
